 Dungeon Crawl Stone Soup version 0.29.1-15-g9cfb28693d (webtiles) character file.

Game seed: 1961961037166451673

40 BuddhaDhamma the Chopper (level 3, -2/31 HPs)
             Began as a Minotaur Berserker on Mar 6, 2023.
             Was a Believer of Trog.
             Slain by Sigmund
             ... wielding a +0 scythe
              (11 damage)
             ... on level 2 of the Dungeon.
             The game lasted 00:01:47 (901 turns).

BuddhaDhamma the Chopper (Minotaur Berserker)        Turns: 901, Time: 00:01:48

Health: -2/31      AC:  5    Str: 23    XL:     3   Next: 30%
Magic:  2/2        EV: 11    Int:  4    God:    Trog [**....]
Gold:   60         SH:  0    Dex:  9    Spells: 2/2 levels left

rFire   . . .      SeeInvis .   a - +0 hand axe
rCold   . . .      Faith    .   (no shield)
rNeg    . . .      Spirit   .   i - +0 ring mail
rPois   .          Reflect  .   (helmet restricted)
rElec   .          Harm     .   (no cloak)
rCorr   .          Rampage  .   (no gloves)
Will    .....                   (no boots)
Stlth   ..........              (no amulet)
HPRegen 0.10/turn               (no ring)
MPRegen 0.08/turn               (no ring)

@: no status effects
A: horns 2, retaliatory headbutt
a: Renounce Religion, Berserk, Trog's Hand


You were on level 2 of the Dungeon.
You worshipped Trog.
Trog was pleased with you.
You visited 1 branch of the dungeon, and saw 2 of its levels.

You collected 60 gold pieces.

Inventory:

Hand Weapons
 a - a +0 hand axe (weapon)
Missiles
 f - 4 poisoned darts (quivered)
Armour
 i - a +0 ring mail (worn)
Scrolls
 d - a scroll of amnesia {unknown}
 g - a scroll of enchant armour {unknown}
 h - 2 scrolls of identify {unknown}
 j - a scroll of teleportation {unknown}
Potions
 b - a potion of degeneration {unknown}
 c - a potion of invisibility {unknown}
 e - 3 potions of curing {unknown}
 k - 2 potions of cancellation {unknown}


   Skills:
 - Level 3.6 Fighting
 + Level 5.4 Axes
 - Level 2.4 Armour
 - Level 2.1 Dodging


You had 2 spell levels left.
You didn't know any spells.
Your spell library was empty.

Dungeon Overview and Level Annotations

Branches:
Dungeon (2/15)

Altars:

Annotations:
D:2 Sigmund


Innate Abilities, Weirdness & Mutations

You have a pair of horns on your head.
You reflexively headbutt those who attack you in melee.


Message History

You slash the hobgoblin!
You kill the hobgoblin!
Trog accepts your kill.
No target in view!
No target in view!
You see here a hobgoblin corpse.
Found a stone staircase leading down.
You see here the Directory of Unstable Interference.
You now have 60 gold pieces (gained 6).
Found a dagger.
You open the door.
Found a stone staircase leading up.
Sigmund the Dreaded comes into view.
He is wielding a +0 scythe.
Found a pair of gloves and 9 gold pieces.
Sigmund points at you and mumbles some strange words.
You are confused.
Non-targeted confused throw: 5 darts (poison)
Press: ? - help, Q - select action Dir - look around, f - activate You throw a poisoned dart.
Sigmund smiles chillingly.
Sigmund gestures wildly while chanting.
Sigmund flickers and vanishes!
Deactivating autopickup; reactivate with Ctrl-A.
You bump into the rock wall.
You bump into the rock wall.
You feel less confused.
A ball python comes into view.
Something hits you.
The ball python hisses angrily.
You slash the ball python!
You kill the ball python!
Trog accepts your kill.
You can now call upon Trog for regeneration and willpower.
You miss something. Something hits you! Something barely misses you.
You see here a ball python corpse.
Something hits you!
* * * LOW HITPOINT WARNING * * *
Something hits you!
You die...

### ######### . #..
+........ ..# #.#
##....... . .. #.#
#....... ..##.####.#
#.......
........#.########.......
.....##.#................
.....##.@################
.........################
.$.....†.[.............>#
##..###..####.........:..
#. ....####...^..####.#
.. ##...............#...
. #.............#.#..#
...##.###..##.#.#..#
.....#.......#.#.#..#


There were no monsters in sight!

Vanquished Creatures
  A dart slug (D:1)
  2 bats (D:1)
  3 endoplasms
  A giant cockroach (D:1)
  5 goblins (D:1)
  2 hobgoblins
  4 jackals (D:1)
  3 kobolds
  2 quokkas (D:1)
  4 ball pythons
  4 frilled lizards
  2 rats
33 creatures vanquished.

Notes
Turn   | Place    | Note
-------+----------+-------------------------------------------
     0 | D:1      | BuddhaDhamma the Minotaur Berserker began the quest for the
                  | Orb.
     0 | D:1      | Reached XP level 1. HP: 19/19 MP: 0/0
    44 | D:1      | Reached skill level 4 in Axes
   127 | D:1      | Reached XP level 2. HP: 26/26 MP: 1/1
   480 | D:1      | Reached skill level 5 in Axes
   487 | D:1      | Reached XP level 3. HP: 28/31 MP: 2/2
   888 | D:2      | Noticed Sigmund
   897 | D:2      | Reached ** piety under Trog
   901 | D:2      | Slain by Sigmund

Illustrated notes

Levels and vault maps discovered:
D:1:      enne_arrival_octagon_isle, layout_basic
D:2:      layout_basic, hangedman_decor_points, amcnicky_mini_corridor_feature,
          fountainhead, uniq_sigmund

Skill      XL: |  1  2 |
---------------+-------+-----
Axes           | 4 5 |  5.4
Fighting       | |  3.6
Armour         | |  2.4
Dodging        | |  2.1

Action                   || total
-------------------------++-------
Melee: Hand axe          ||    60
       Headbutt          ||     6
       Punch             ||     1
Throw: Dart              ||     1
Armor: Animal skin       ||     8
       Ring mail         ||    16
Dodge: Dodged            ||    39
